Map: Alcyone LE

Players

Dark

  • Race: Zerg Zerg
  • Spawn Location: 7:00

LiquidClem (Clem) - Winner!

  • Race: Terran Terran
  • League: Grandmaster
  • Spawn Location: 1:00

VOD

Have the link to the VOD?

Description

Time

  • Played on: Oct. 23, 2023, 10:09 p.m.
  • Length: 32:40
Show
View Real Time Build Order
Export as new Build Order

Dark Zerg 

Build Orders: Hatch First 

Get SALT Encoding   

  12  0:00  Drone  
  13  0:12  Overlord  
  13  0:16  Drone  
  14  0:32  Drone x2  
  16  0:47  Hatchery  
  15  0:51  Drone  
  15  0:54  Drone  
  17  0:57  Drone  
  18  1:09  Extractor  
  17  1:13  Spawning Pool  
  17  1:16  Drone  
  17  1:20  Drone  
  18  1:28  Drone  
  19  1:40  Drone  
  20  1:50  Drone  
  21  2:00  Queen x2  
  25  2:01  Zergling x4  
  27  2:12  Metabolic Boost  
  27  2:14  Zergling x2, Overlord  
  28  2:29  Hatchery  
  27  2:32  Drone  
  27  2:34  Drone  
  28  2:38  Drone  
  28  2:40  Drone  
  30  2:52  Drone x2  
  30  2:57  Overlord  
  32  3:00  Queen  
  32  3:02  Zergling x2  
  35  3:11  Drone, Overlord  
  35  3:12  Overlord  
  36  3:16  Drone  
  36  3:18  Drone  
  36  3:19  Drone  
  39  3:23  Drone  
  39  3:26  Drone  
  41  3:30  Queen  
  41  3:32  Drone  
  44  3:42  Queen  
  44  3:43  Zergling x4  
  44  3:45  Zergling x4  
  50  3:49  Zergling x4  
  50  3:55  Zergling x6  
  55  4:01  Evolution Chamber  
  54  4:04  Drone x2  
  54  4:05  Drone  
  57  4:10  Drone  
  57  4:11  Drone x2  
  57  4:14  Drone, Overlord  
  61  4:19  Overlord  
  61  4:21  Overlord  
  61  4:25  Overlord  
  60  4:31  Zerg Ground Armor Level 1  
  55  4:42  Drone x7  
  58  4:51  Drone x2  
  59  4:57  Drone x2  
  61  5:02  Zergling x2  
  61  5:03  Zergling x16  
  61  5:05  Drone  
  71  5:11  Extractor, Evolution Chamber  
  69  5:20  Zergling x2  
  69  5:21  Zergling x6  
  73  5:24  Drone  
  74  5:28  Drone  
  74  5:29  Drone, Extractor, Hatchery  
  74  5:36  Zergling x14  
  74  5:40  Zergling x2  
  82  5:49  Zergling x6  
  80  6:00  Zergling x18  
  80  6:01  Queen  
  87  6:04  Zerg Melee Weapons Level 1  
  87  6:05  Lair  
  87  6:06  Drone  
  87  6:07  Drone x2  
  87  6:09  Baneling Nest  
  87  6:12  Drone x2  
  77  6:19  Zergling x2  
  77  6:22  Zergling x4  
  79  6:26  Zergling x2  
  79  6:31  Hatchery  
  79  6:38  Zergling x2  
  79  6:39  Zergling x18  
  81  6:44  Zergling x4  
  77  6:50  Drone  
  76  6:54  Drone x2  
  76  7:01  Drone  
  79  7:03  Drone x2  
  79  7:07  Burrow, Centrifugal Hooks  
  79  7:08  Zerg Ground Armor Level 2  
  81  7:12  Drone x3  
  81  7:14  Extractor, Baneling x2, Drone  
  81  7:15  Drone x4  
  88  7:16  Extractor  
  88  7:17  Hydralisk Den  
  88  7:18  Drone x3  
  88  7:22  Baneling x6  
  89  7:24  Zergling x2  
  89  7:25  Zergling x2  
  89  7:28  Baneling x2  
  91  7:32  Drone x3  
  93  7:39  Zergling x6  
  93  7:43  Drone x2  
  99  7:44  Drone x3, Overseer, Overlord  
  99  7:45  Overlord x2  
  99  7:50  Grooved Spines  
  101  7:56  Overlord x2  
  101  7:59  Zergling x2  
  101  8:01  Zerg Melee Weapons Level 2  
  101  8:02  Baneling x3  
  101  8:05  Zergling x22  
  113  8:07  Baneling x2  
  113  8:17  Hydralisk x4  
  120  8:27  Drone x2  
  120  8:28  Drone  
  120  8:32  Hydralisk x4  
  131  8:36  Drone  
  131  8:39  Drone  
  131  8:41  Muscular Augments  
  133  8:42  Zergling x16  
  141  8:57  Infestation Pit  
  141  9:02  Overlord x4  
  137  9:03  Zergling x8  
  141  9:11  Overlord x2  
  141  9:14  Hatchery  
  141  9:17  Zergling x2  
  141  9:19  Queen  
  141  9:20  Overlord x2  
  141  9:21  Zergling x16  
  141  9:23  Baneling x16  
  141  9:24  Zerg Missile Weapons Level 1  
  149  9:34  Overseer x2  
  149  9:36  Hydralisk  
  150  9:39  Zergling x6  
  150  9:44  Zergling x14  
  160  9:52  Zergling x8  
  144  10:06  Zergling x2  
  144  10:07  Hydralisk x7  
  128  10:13  Zergling x4  
  140  10:20  Hive  
  134  10:21  Queen x2  
  134  10:22  Zergling x2  
  134  10:23  Zergling x6  
  141  10:29  Zergling x16  
  141  10:31  Baneling x2  
  141  10:35  Baneling x4  
  147  10:36  Zergling x2  
  147  10:39  Zergling x8  
  147  10:40  Baneling x5  
  147  10:41  Baneling x4  
  147  10:42  Zergling x4  
  149  10:50  Zergling x2  
  149  10:56  Zergling x14  
  144  10:58  Baneling x2  
  144  10:59  Baneling x9  
  144  11:01  Zergling x6  
  145  11:05  Zergling x8  
  145  11:09  Zergling x4  
  148  11:11  Queen  
  148  11:12  Zergling x4  
  148  11:16  Zergling x2  
  148  11:17  Zergling x8  
  155  11:22  Zergling x2, Baneling x6  
  155  11:23  Zergling x6  
  158  11:30  Zergling x6  
  158  11:32  Baneling x5  
  161  11:35  Zergling x14  
  164  11:41  Zergling x10  
  155  11:48  Zergling x6  
  155  11:53  Zergling x10  
  157  11:59  Zerg Missile Weapons Level 2  
  157  12:00  Zergling x8  
  157  12:01  Zerg Ground Armor Level 3  
  157  12:02  Baneling x7  
  157  12:05  Zergling x14  
  162  12:11  Zergling x2  
  162  12:12  Zergling x4  
  159  12:22  Zergling x12  
  144  12:23  Zergling x2  
  144  12:25  Hydralisk  
  145  12:33  Viper x2  
  142  12:37  Zergling x20  
  142  12:41  Drone  
  152  12:45  Drone, Hatchery  
  152  12:46  Unknown, Drone  
  152  12:47  Spore Crawler  
  152  12:51  Lurker Den  
  150  12:52  Extractor  
  150  12:53  Zergling x6  
  150  12:57  Pneumatized Carapace  
  152  12:58  Zergling x2  
  152  12:59  Zergling x6  
  152  13:01  Zergling x2  
  157  13:08  Zergling x6  
  158  13:15  Adrenal Glands  
  158  13:16  Zergling x6  
  161  13:22  Zergling x14  
  161  13:25  Baneling x12, Overlord  
  168  13:28  Zergling x2  
  168  13:29  Zergling x20, Hatchery  
  156  13:51  Zergling x20  
  148  13:57  Zergling x16  
  148  14:02  Zergling x18  
  151  14:04  Seismic Spines  
  151  14:08  Drone x3  
  148  14:13  Drone  
  148  14:15  Zerg Melee Weapons Level 3, Drone x5  
  154  14:23  Drone x2  
  154  14:24  Drone  
  157  14:25  Baneling  
  157  14:26  Baneling x4  
  157  14:30  Zergling x4  
  159  14:38  Zerg Missile Weapons Level 3  
  159  14:39  Baneling x5  
  159  14:41  Zergling x10  
  164  14:47  Zergling x10  
  169  15:00  Lurker x10  
  169  15:01  Adaptive Talons  
  169  15:05  Zergling x14  
  186  15:08  Drone  
  185  15:28  Zergling x24  
  193  15:36  Baneling  
  193  15:37  Hatchery  
  193  15:38  Extractor  
  193  15:39  Drone x2  
  193  15:40  Extractor, Overlord  
  192  15:44  Hatchery  
  192  15:49  Overlord  
  191  15:50  Baneling x3  
  191  15:51  Baneling x3  
  190  15:59  Drone  
  190  16:01  Spore Crawler  
  190  16:04  Baneling x2  
  190  16:05  Hydralisk x4  
  184  16:19  Zergling x28  
  184  16:25  Baneling x6  
  198  16:28  Zergling x2  
  199  16:33  Baneling x2  
  199  16:40  Overseer, Baneling x2  
  198  16:59  Drone x2  
  199  17:02  Spore Crawler  
  198  17:11  Baneling x3  
  183  17:18  Zergling x36  
  183  17:19  Zergling x26  
  184  17:24  Drone  
  184  17:25  Drone  
  180  17:36  Zergling x20  
  179  17:41  Zergling x10  
  178  17:44  Zergling x4  
  179  17:51  Drone x2  
  179  17:52  Drone x3  
  179  17:53  Zergling x6  
  179  17:54  Zergling x4  
  189  18:01  Spore Crawler  
  189  18:02  Drone x5, Spore Crawler x2  
  189  18:17  Hydralisk x3  
  193  18:20  Drone x3  
  193  18:21  Drone x3  
  193  18:22  Spore Crawler x2  
  193  18:23  Spore Crawler  
  196  18:32  Lurker x3  
  199  18:38  Hatchery  
  198  18:51  Zergling x4  
  193  18:59  Zergling x20  
  193  19:00  Zergling x2  
  193  19:01  Zergling x4  
  193  19:17  Zergling x2  
  193  19:18  Zergling x10  
  193  19:20  Baneling x6  
  193  19:21  Baneling x9  
  198  19:29  Zergling x16  
  198  19:30  Zergling x10  
  194  19:37  Zergling x30  
  194  19:45  Hydralisk x10  
  181  19:48  Viper  
  181  19:51  Lurker  
  200  19:57  Baneling x18  
  200  19:58  Baneling  
  199  20:08  Zergling x2  
  194  20:15  Zergling x2  
  194  20:16  Zergling x20  
  194  20:20  Unknown  
  192  20:22  Hydralisk x2  
  191  20:28  Zergling x4  
  191  20:29  Zergling x16  
  191  20:34  Zergling x14  
  189  20:35  Baneling x11  
  189  20:36  Baneling x7  
  189  20:43  Zergling x18  
  189  20:44  Overseer x3  
  169  20:57  Zergling x6  
  169  21:03  Lurker  
  169  21:04  Lurker x9  
  175  21:05  Zergling x38  
  193  21:11  Zergling x8  
  196  21:19  Zergling x8  
  196  21:24  Baneling x5  
  196  21:25  Baneling x2  
  200  21:28  Zergling x6  
  200  21:30  Baneling x2  
  200  21:34  Hatchery  
  174  21:48  Zergling x6  
  174  21:49  Zergling x14  
  174  21:52  Zergling x2  
  174  21:53  Zergling x24  
  171  22:00  Hydralisk x3  
  172  22:02  Hydralisk x2  
  172  22:03  Hydralisk  
  172  22:05  Hydralisk x2  
  172  22:07  Overseer  
  182  22:12  Hydralisk x3  
  182  22:14  Hydralisk x4  
  189  22:15  Baneling  
  189  22:16  Baneling x4  
  189  22:17  Hydralisk  
  186  22:27  Hydralisk  
  174  22:33  Hydralisk  
  174  22:36  Overlord x6  
  174  22:37  Overseer x6  
  174  22:38  Overlord x2  
  174  22:40  Hydralisk  
  174  22:41  Drone x2  
  172  22:48  Baneling x4  
  172  22:49  Zergling x20  
  170  22:59  Infestor  
  170  23:00  Infestor x2  
  170  23:03  Zergling x30  
  181  23:06  Hatchery  
  179  23:16  Zergling x24  
  183  23:20  Zergling x2  
  183  23:21  Zergling x2  
  183  23:22  Baneling x15  
  183  23:23  Baneling x2  
  183  23:26  Zergling x14  
  192  23:30  Lurker x7  
  199  23:34  Overseer  
  199  23:35  Overlord x2  
  199  23:37  Spore Crawler  
  198  23:50  Zergling x2  
  198  23:51  Zergling x2  
  198  23:54  Spore Crawler  
  196  23:59  Zergling x4  
  194  24:07  Zergling x10  
  186  24:20  Zergling x48  
  191  24:29  Zergling x2  
  191  24:31  Hydralisk x3  
  177  24:35  Viper x3  
  167  24:41  Zergling x8  
  169  24:48  Zergling x2  
  169  24:49  Zergling x10  
  169  24:51  Lurker x4  
  177  24:56  Zergling x10, Hatchery  
  177  24:57  Zergling x6  
  175  25:03  Infestor  
  175  25:04  Infestor x2  
  175  25:05  Zergling x4  
  183  25:07  Zergling x2  
  183  25:08  Zergling x4  
  183  25:13  Hydralisk x2  
  180  25:15  Zergling x4  
  180  25:16  Zergling x8  
  180  25:20  Hatchery  
  179  25:22  Hydralisk x2  
  175  25:40  Spire  
  175  25:41  Infestor  
  174  25:45  Zergling x6  
  174  25:46  Zergling x6  
  180  26:01  Zergling x38  
  193  26:18  Baneling x3  
  193  26:23  Spore Crawler  
  185  26:31  Zergling x34  
  185  26:32  Baneling x11  
  194  26:33  Zergling x4  
  194  26:34  Zergling x2  
  194  26:36  Zergling x2  
  194  26:37  Zergling x10  
  183  26:48  Zergling x24  
  183  26:49  Zergling x2  
  188  27:11  Corruptor x5  
  198  27:28  Corruptor x2  
  199  27:33  Infestor  
  198  27:37  Infestor  
  198  27:38  Zergling x6  
  151  28:06  Zergling x22  
  151  28:10  Overseer x2  
  144  28:19  Zergling x4  
  126  28:20  Zergling x32  
  126  28:22  Zergling x2  
  126  28:23  Zergling x10  
  126  28:24  Infestor x2  
  136  28:34  Baneling x4  
  136  28:35  Baneling x6  
  136  28:37  Zergling x4  
  136  28:38  Zergling x2  
  131  28:50  Overseer x2  
  129  28:59  Zergling x6  
  132  29:02  Baneling  
  132  29:07  Baneling  
  132  29:16  Baneling x6  
  132  29:17  Baneling  
  132  29:26  Hydralisk  
  132  29:31  Hydralisk  
  136  29:43  Viper  
  136  29:44  Viper  
  142  30:01  Baneling x7  
  142  30:06  Viper x2  
  146  30:22  Infestor x3  
  145  30:36  Infestor x2  
  142  30:43  Infestor x2  
  132  30:51  Zergling x10  
  132  30:52  Zergling x4  
  138  31:04  Zergling x8  
  138  31:06  Baneling  
  136  31:29  Zergling x2  
  136  31:30  Zergling x16  
  136  31:38  Zergling x2  
  136  31:39  Zergling x8  
  139  31:43  Zergling x4  
  139  31:45  Zergling x2  
  142  31:50  Zergling x4  
  137  31:54  Zergling x4  
  137  31:57  Zergling x2  
  137  31:58  Infestor x3  
  134  32:03  Zergling x4  
  134  32:07  Zergling x2  
  134  32:08  Overseer x2  
  134  32:13  Zergling x2  
  134  32:14  Zergling x2  
  136  32:18  Zergling x2  
Show
View Real Time Build Order
Export as new Build Order

LiquidClem Terran - Winner!

Build Orders: 2 Factory 

Get SALT Encoding   

  12  0:00  SCV  
  13  0:12  SCV  
  14  0:19  Supply Depot  
  14  0:24  SCV  
  15  0:41  SCV  
  16  0:43  Barracks  
  16  0:45  Refinery  
  16  0:53  SCV  
  17  1:03  Barracks  
  17  1:05  SCV  
  18  1:17  SCV  
  19  1:30  Orbital Command, Reaper  
  20  1:33  Supply Depot  
  20  1:50  Reaper  
  21  1:56  SCV  
  22  2:05  Reaper  
  24  2:09  Command Center  
  24  2:12  SCV  
  24  2:15  Refinery  
  24  2:25  SCV  
  26  2:37  SCV  
  26  2:43  Factory  
  26  2:49  SCV  
  27  2:51  Barracks Reactor  
  27  3:01  SCV  
  27  3:02  Barracks Tech Lab  
  27  3:04  Command Center  
  28  3:13  SCV  
  28  3:15  Factory  
  29  3:24  Orbital Command  
  29  3:26  SCV  
  30  3:33  Cyclone  
  32  3:38  Cyclone  
  32  3:40  SCV  
  35  3:49  SCV  
  35  3:52  SCV  
  37  3:59  Factory Tech Lab  
  37  4:01  Barracks Reactor  
  37  4:02  SCV  
  38  4:05  Hellion, SCV  
  41  4:10  Hellion  
  41  4:14  SCV  
  46  4:17  SCV  
  46  4:20  Hellion, Hurricane Engines  
  46  4:22  Orbital Command  
  47  4:26  Stimpack, SCV  
  47  4:28  Hellion  
  47  4:29  SCV  
  51  4:32  Hellion  
  51  4:37  Marine  
  54  4:39  SCV  
  54  4:40  Marine  
  54  4:41  Hellion, SCV  
  54  4:42  Marine  
  55  4:47  Orbital Command  
  55  4:48  Supply Depot  
  55  4:51  Cyclone, SCV  
  58  4:53  SCV  
  58  4:54  Cyclone  
  61  5:01  Refinery  
  61  5:08  Supply Depot  
  61  5:10  Cyclone, SCV x2, Marine x3  
  68  5:14  Starport  
  68  5:19  SCV  
  69  5:22  Supply Depot  
  69  5:28  Refinery  
  69  5:29  SCV x2, Marine x2  
  69  5:32  Hellion, Supply Depot  
  69  5:34  Hellion  
  77  5:41  Supply Depot  
  77  5:43  Cyclone, SCV, Marine  
  77  5:45  SCV  
  77  5:47  Engineering Bay  
  82  5:50  SCV, Marine  
  82  5:51  Marine, Engineering Bay  
  82  5:55  SCV  
  82  5:56  Hellion  
  86  5:59  Starport Reactor  
  86  6:01  Marine  
  86  6:02  Hellion  
  86  6:04  SCV  
  74  6:05  SCV  
  74  6:08  Marine  
  76  6:13  Marine  
  76  6:16  Barracks  
  76  6:17  SCV  
  77  6:18  SCV  
  77  6:20  Hellion x2  
  77  6:21  SCV  
  77  6:23  Terran Infantry Weapons Level 1  
  77  6:24  Terran Infantry Armor Level 1  
  82  6:26  Marine  
  82  6:30  Armory  
  83  6:35  Marine  
  83  6:36  Hellion  
  83  6:37  Marine  
  77  6:41  SCV  
  77  6:42  Hellion  
  77  6:44  Hellion, Marine, SCV  
  77  6:45  SCV  
  78  6:53  SCV, Marine  
  79  6:56  SCV  
  79  6:57  Hellion, SCV  
  79  6:58  Marine  
  84  7:03  Barracks Reactor  
  84  7:04  Marine, Supply Depot  
  84  7:05  SCV  
  84  7:06  Hellion  
  84  7:07  Medivac x2  
  92  7:08  SCV  
  92  7:09  SCV  
  92  7:10  Siege Tank  
  92  7:11  Marine  
  98  7:17  SCV, Supply Depot  
  98  7:20  SCV  
  98  7:22  Supply Depot  
  101  7:23  Marine  
  101  7:26  Hellion  
  101  7:28  Barracks x2  
  103  7:31  Supply Depot  
  103  7:32  SCV  
  103  7:33  SCV  
  105  7:39  Supply Depot, Medivac x2  
  105  7:40  Marine  
  105  7:41  Marine  
  105  7:42  Supply Depot  
  111  7:45  Siege Tank  
  111  7:47  Marine x3  
  111  7:50  Drilling Claws  
  117  7:54  Widow Mine  
  117  7:55  Widow Mine, Refinery  
  117  7:57  Supply Depot  
  121  8:05  Marine x2  
  123  8:10  Command Center  
  123  8:12  Combat Shield, Supply Depot, Marine x2  
  123  8:16  Widow Mine  
  123  8:17  Barracks Reactor x2  
  127  8:21  Terran Infantry Armor Level 2  
  127  8:23  Terran Infantry Weapons Level 2, Marine  
  127  8:24  Marine x2  
  130  8:28  Widow Mine x2  
  130  8:33  Marine  
  130  8:34  Marine, Supply Depot  
  135  8:37  Supply Depot  
  135  8:41  Widow Mine  
  138  8:47  Marine x2  
  138  8:48  Barracks x3  
  140  8:49  Widow Mine  
  140  8:52  SCV x3  
  147  8:57  Medivac  
  147  8:58  Medivac  
  147  9:00  Siege Tank, Marine  
  147  9:01  Marine  
  147  9:02  Widow Mine  
  156  9:05  Marine  
  156  9:07  Marine x3, Supply Depot  
  160  9:10  Terran Vehicle And Ship Armor Level 1  
  160  9:11  Marine  
  160  9:13  Marine  
  162  9:17  Marine  
  162  9:18  Marine x2  
  162  9:19  Supply Depot  
  162  9:21  Widow Mine  
  167  9:25  Sensor Tower  
  167  9:26  Marine  
  166  9:32  Marine  
  166  9:33  Marine x4  
  166  9:34  Siege Tank, Marine x2  
  166  9:35  Widow Mine  
  166  9:38  Marine, Medivac  
  181  9:42  Marine  
  181  9:43  Marine  
  177  9:46  Marine x2  
  177  9:47  Widow Mine  
  177  9:49  Marine  
  177  9:51  Marine x2  
  177  9:52  SCV x2  
  174  9:56  Marine, Widow Mine  
  174  9:57  Medivac  
  174  9:58  Marine  
  174  10:00  SCV  
  174  10:01  Marine x2  
  174  10:04  Marine x2  
  174  10:05  SCV  
  160  10:09  Planetary Fortress  
  160  10:10  Marine x2  
  160  10:12  Marine  
  160  10:13  Marine, SCV  
  157  10:18  Widow Mine, Marine x2  
  156  10:22  Marine x2  
  156  10:23  Marine x2  
  156  10:27  Marine x2  
  160  10:29  Widow Mine  
  160  10:32  Widow Mine  
  164  10:37  SCV  
  164  10:38  SCV x2  
  164  10:39  Marine x3  
  164  10:40  Widow Mine  
  172  10:44  Marine x4  
  172  10:46  Marauder  
  172  10:49  SCV  
  179  10:50  Widow Mine  
  179  10:55  Marine  
  179  10:57  Barracks Tech Lab, Marine  
  163  10:58  Barracks Tech Lab x2  
  163  11:00  Siege Tank  
  163  11:01  SCV  
  163  11:04  Terran Infantry Armor Level 3  
  164  11:07  Marauder  
  165  11:12  Terran Infantry Weapons Level 3, Marine  
  165  11:13  Marine  
  165  11:14  Marine x2  
  165  11:17  Marine  
  170  11:25  Medivac, Widow Mine x2  
  176  11:27  Marauder, Marine  
  176  11:28  Marauder  
  176  11:31  Command Center  
  181  11:37  Refinery  
  181  11:38  Sensor Tower, Marauder, Refinery  
  179  11:42  Marine  
  179  11:45  Marine  
  179  11:47  Marine x4  
  157  11:48  Marine x2  
  157  11:49  Marine  
  157  11:50  Marauder x2  
  157  11:52  Siege Tank  
  169  11:56  Widow Mine x2  
  169  11:59  Marauder  
  169  12:00  Marine  
  169  12:01  Liberator  
  179  12:03  Marine  
  179  12:05  Marine  
  179  12:06  Marine x2  
  179  12:07  Marauder  
  184  12:10  Marine  
  184  12:11  Marauder, Marine  
  180  12:17  Widow Mine  
  180  12:22  Medivac  
  162  12:23  Marine x2  
  162  12:24  Marine x3  
  162  12:25  Marine  
  162  12:26  Marauder x2  
  162  12:28  Marine x2  
  173  12:34  Marine  
  173  12:35  Marauder, Ghost Academy  
  173  12:36  Siege Tank  
  158  12:40  Widow Mine  
  158  12:41  Marine x2  
  159  12:46  Marine x5  
  159  12:47  Marauder x2  
  168  12:54  Concussive Shells  
  168  12:57  Widow Mine  
  170  13:01  Widow Mine, SCV x2  
  174  13:05  Liberator x2  
  174  13:07  Marine x2  
  174  13:08  Siege Tank  
  174  13:10  Marine  
  174  13:11  Marine x2  
  186  13:18  Widow Mine  
  184  13:22  Marauder x2  
  184  13:23  Widow Mine  
  188  13:28  Command Center  
  188  13:30  Ghost x2  
  192  13:35  Terran Vehicle Weapons Level 1, Sensor Tower  
  192  13:38  Factory  
  192  13:47  Ghost  
  181  13:48  Medivac  
  181  13:51  Marine x2, Marauder  
  181  13:52  Marine x4, Widow Mine  
  181  13:53  Marine  
  181  13:55  Marine  
  165  13:58  Widow Mine  
  165  13:59  Marauder, Widow Mine, Marine  
  165  14:01  Medivac  
  167  14:09  Marine x3  
  160  14:12  Ghost  
  160  14:13  Widow Mine  
  160  14:14  Refinery x2  
  160  14:15  Planetary Fortress  
  160  14:17  Marine  
  165  14:23  Medivac  
  170  14:24  Marauder, Marine, Widow Mine  
  170  14:29  Ghost, Marauder  
  170  14:30  Marine  
  170  14:31  Marine  
  179  14:33  Widow Mine  
  179  14:34  SCV x3  
  179  14:36  SCV  
  185  14:41  Widow Mine  
  187  14:46  SCV  
  187  14:49  Orbital Command  
  188  14:54  Command Center  
  188  15:01  Ghost x2, Armory  
  188  15:02  Ghost  
  188  15:03  Barracks Tech Lab  
  194  15:08  Command Center  
  194  15:22  Siege Tank  
  194  15:25  Neosteel Armor  
  194  15:28  Missile Turret  
  193  15:29  Ghost x2, Terran Vehicle And Ship Armor Level 2  
  193  15:30  Missile Turret  
  193  15:31  Marauder  
  199  15:36  Hi-Sec Auto Tracking  
  199  15:46  Refinery  
  199  15:47  Command Center  
  199  15:54  Command Center  
  199  15:57  Missile Turret  
  199  16:00  Terran Vehicle Weapons Level 2  
  199  16:03  Command Center  
  199  16:08  Orbital Command  
  193  16:11  Ghost  
  193  16:12  Liberator  
  193  16:13  Liberator  
  193  16:16  Ghost  
  199  16:27  Sensor Tower  
  199  16:36  Refinery  
  199  16:38  Starport  
  199  16:40  Fusion Core  
  199  16:41  Missile Turret  
  199  16:43  Planetary Fortress  
  199  16:54  Command Center  
  199  16:55  Command Center  
  199  16:57  Marauder  
  196  17:02  Orbital Command, Command Center  
  196  17:07  Siege Tank  
  199  17:08  Ghost  
  199  17:11  Marine  
  198  17:18  Widow Mine  
  198  17:22  Orbital Command  
  168  17:24  SCV  
  168  17:27  Ghost x2  
  167  17:31  Orbital Command  
  167  17:33  Siege Tank, SCV, Widow Mine  
  167  17:34  SCV  
  163  17:38  Ghost, Marine  
  163  17:42  Siege Tank  
  163  17:44  Medivac x2  
  173  17:47  SCV x2  
  173  17:48  SCV x3  
  173  17:49  SCV x2  
  173  17:50  Planetary Fortress  
  180  17:51  Medivac  
  180  17:54  Ghost  
  180  17:55  Ghost  
  186  18:02  Marauder  
  186  18:03  Marine  
  186  18:05  Siege Tank  
  192  18:07  Orbital Command  
  192  18:11  Marauder, Marine  
  192  18:22  Widow Mine x2  
  196  18:27  Sensor Tower, Missile Turret, Refinery  
  196  18:28  Refinery  
  196  18:29  Starport Reactor, Liberator  
  199  18:39  Sensor Tower  
  199  18:40  Missile Turret  
  199  18:44  Terran Vehicle And Ship Armor Level 3, Terran Vehicle Weapons Level 3  
  199  18:47  Planetary Fortress  
  199  18:57  Ghost  
  199  19:01  Siege Tank  
  195  19:05  Missile Turret  
  195  19:07  Orbital Command  
  195  19:08  Ghost  
  197  19:15  Siege Tank  
  199  19:17  Marine x2  
  199  19:19  Medivac  
  199  19:22  Missile Turret, Refinery  
  189  19:24  Sensor Tower, Marauder, Marine x2  
  189  19:25  Refinery  
  189  19:26  Cyclone  
  189  19:27  Marauder, Marine x2  
  189  19:29  Medivac  
  195  19:34  Ghost  
  195  19:43  Medivac  
  197  19:47  Personal Cloaking  
  197  19:49  Marine x3  
  200  19:57  Missile Turret  
  200  19:59  Command Center  
  200  20:11  Hellbat  
  196  20:14  Marine  
  196  20:18  Marine  
  195  20:22  Hellbat  
  195  20:25  Liberator  
  195  20:28  Widow Mine  
  195  20:30  Marauder  
  195  20:31  Marine x5  
  195  20:32  Siege Tank  
  195  20:35  Cyclone  
  197  20:36  Marine, Marauder  
  200  20:45  Liberator  
  200  20:49  Ghost  
  194  20:53  Ghost  
  193  20:57  Siege Tank, Ghost  
  193  21:01  Marauder  
  196  21:06  Medivac x2  
  198  21:11  Cyclone  
  200  21:19  Orbital Command  
  200  21:21  Command Center  
  199  21:34  Advanced Ballistics, Ghost Academy  
  196  21:43  Marauder  
  196  21:44  Marine  
  196  21:45  Marine x2  
  187  21:52  Hellbat, Marine x2  
  187  21:54  Ghost x2  
  148  21:55  Marine x2  
  150  22:02  Marine  
  150  22:03  Marine  
  150  22:04  Ghost  
  150  22:05  Liberator x2  
  158  22:10  Liberator  
  158  22:13  Ghost  
  163  22:20  Orbital Command  
  163  22:22  Ghost  
  158  22:23  Orbital Command  
  158  22:25  Ghost  
  158  22:26  Siege Tank  
  160  22:30  Liberator  
  160  22:32  Orbital Command  
  162  22:40  Marauder, Marine x3  
  167  22:46  Caduceus Reactor  
  167  22:47  Liberator  
  167  22:48  Orbital Command  
  167  22:49  Marine  
  171  22:52  Marauder  
  165  22:59  Cyclone, Marine x6  
  165  23:03  Marine  
  168  23:06  Liberator  
  168  23:07  Liberator  
  172  23:19  Ghost  
  168  23:22  Marine  
  168  23:24  Orbital Command  
  168  23:26  Ghost  
  169  23:29  Marine x3  
  169  23:31  Factory  
  169  23:33  Liberator  
  177  23:37  Marauder  
  179  23:41  Marauder  
  184  23:50  Siege Tank  
  184  23:54  Marine  
  188  24:05  Ghost x2  
  188  24:06  Marine x3  
  192  24:10  Marine  
  192  24:11  Marine  
  192  24:14  Marine  
  192  24:15  Marauder  
  190  24:22  Siege Tank  
  190  24:24  Marine  
  181  24:31  Starport  
  181  24:32  Starport  
  181  24:33  Starport Reactor  
  171  24:40  Marine  
  171  24:41  Marauder  
  171  24:42  SCV  
  171  24:44  SCV x2  
  169  24:47  Marauder x2, Marine x3, SCV  
  169  24:49  SCV x2  
  169  24:50  Orbital Command  
  176  24:55  Marine  
  176  24:56  SCV  
  176  24:57  SCV  
  176  24:58  Marine x2  
  180  25:01  Marine  
  180  25:05  Marine x2  
  182  25:08  Marine x2  
  182  25:11  Orbital Command  
  182  25:13  Marine  
  182  25:18  Siege Tank  
  188  25:21  Barracks Tech Lab  
  188  25:23  Starport Reactor  
  188  25:24  Orbital Command  
  181  25:28  Starport Reactor  
  181  25:34  Ghost  
  177  25:35  Ghost  
  179  25:56  Marine x2  
  180  25:57  Marauder  
  180  26:00  Sensor Tower  
  180  26:05  Liberator x2  
  180  26:10  Cyclone  
  188  26:20  Widow Mine  
  188  26:24  Marauder x2, Marine  
  194  26:27  Marine  
  194  26:28  Marine  
  194  26:29  Refinery  
  194  26:30  Missile Turret, Refinery  
  194  26:31  Barracks Tech Lab  
  193  26:33  Orbital Command  
  193  26:35  Liberator  
  193  26:36  Liberator  
  193  26:37  Orbital Command  
  195  26:41  Siege Tank  
  195  26:42  Cyclone  
  200  26:48  Orbital Command  
  200  26:49  Ghost  
  197  26:54  Missile Turret, Marine  
  198  27:03  Medivac  
  192  27:32  Liberator x2  
  192  27:34  Factory Tech Lab  
  192  27:36  Marine  
  199  27:55  Marine  
  199  27:57  Marauder, Marine x4  
  188  28:05  Medivac x2  
  175  28:12  Marine  
  164  28:15  Medivac, Marine  
  164  28:17  Marine  
  164  28:19  Ghost x3  
  150  28:21  Siege Tank x2, Liberator  
  150  28:22  Marine x2  
  150  28:26  Orbital Command  
  161  28:30  Ghost  
  161  28:35  Liberator x2, Marine  
  161  28:39  Marine  
  169  28:45  Liberator  
  174  28:48  Marauder  
  174  28:51  Marauder x2, Marine x2  
  174  28:52  SCV x2  
  174  28:53  SCV x2  
  174  28:55  SCV  
  185  28:56  SCV  
  185  28:57  SCV  
  187  29:02  Missile Turret  
  187  29:03  Sensor Tower, Marine, Refinery  
  187  29:05  Marine  
  187  29:06  Marine  
  187  29:08  Medivac  
  187  29:09  Marine x2  
  190  29:10  Marine  
  190  29:14  Marine  
  190  29:15  Marauder  
  195  29:20  Marine  
  195  29:23  Marine  
  199  29:24  Marauder  
  199  29:27  Marine  
  200  29:52  Command Center  
  200  30:03  Nuke  
  200  30:27  Ghost  
  199  30:31  Marine  
  195  30:50  Marauder, Marine x3  
  200  30:57  Missile Turret  
  200  30:59  Missile Turret  
  200  31:01  Missile Turret  
  200  31:04  Sensor Tower  
  200  31:05  Planetary Fortress  
  200  31:09  Command Center  
  200  31:12  Sensor Tower  
  187  31:29  Siege Tank x2  
  187  31:30  Marauder, Marine x2  
  187  31:31  Marauder, Marine x2  
  187  31:32  Marine  
  195  31:51  Marine  
  195  31:52  Marauder, Marine  
  196  31:54  Marauder, Marine x2  
Tags
 
Add a new tag
Caveats
  • Supply blocks, unpowered buildings, or Contaminate may cause inaccurate times.
  • Supply counts are checked every 10 seconds.